 Dungeon Crawl Stone Soup version 0.28.0-43-g3370ac3207 (webtiles) character file.

Game seed: 3556725055659413146

211 sanboga the Skirmisher (level 5, -3/33 HPs)
             Began as a Gargoyle Fighter on Mar 2, 2022.
             Slain by a gnoll
             ... wielding a +0 halberd
              (8 damage)
             ... on level 4 of the Dungeon.
             The game lasted 00:04:06 (3400 turns).

sanboga the Skirmisher (Gargoyle Fighter)           Turns: 3400, Time: 00:04:07

Health: -3/33      AC: 11    Str: 21    XL:     5   Next: 88%
Magic:  5/5        EV:  9    Int:  9    God:
Gold:   92         SH:  4    Dex:  9    Spells: 4/4 levels left

rFire   . . .      SeeInvis .   a - +0 war axe
rCold   . . .      Faith    .   c - +0 buckler
rNeg    + . .      Spirit   .   b - +0 scale mail
rPois   ∞          Reflect  .   (no helmet)
rElec   +          Harm     .   i - scarf {repulsion}
rCorr   .          Rampage  .   (no gloves)
Will    .....                   (no boots)
Stlth   ..........              (no amulet)
HPRegen 0.11/turn               (no ring)
MPRegen 0.09/turn               (no ring)

@: mighty, repel missiles
A: sickness immunity, AC +4, negative energy resistance 1, electricity
resistance, torment resistance 1, petrification resistance
a: no special abilities


You were on level 4 of the Dungeon.
You visited 1 branch of the dungeon, and saw 4 of its levels.

You collected 92 gold pieces.

Inventory:

Hand Weapons
 a - a +0 war axe (weapon)
Armour
 b - a +0 scale mail (worn)
 c - a +0 buckler (worn)
 i - a scarf of repulsion (worn)
Scrolls
 f - 4 scrolls of fog {unknown}
 g - a scroll of blinking {unknown}
 h - a scroll of enchant armour {unknown}
 n - a scroll of fear {unknown}
Potions
 d - a potion of might
 e - a potion of berserk rage {unknown}
 k - a potion of heal wounds
 l - a potion of mutation {unknown}
 o - a potion of resistance {unknown}


   Skills:
 + Level 4.3 Fighting
 * Level 3.6 Axes
 + Level 4.2 Armour
 + Level 4.2 Shields


You had 4 spell levels left.
You didn't know any spells.
Your spell library was empty.

Dungeon Overview and Level Annotations

Branches:
Dungeon (4/15)
 Temple: D:4-7

Altars:

Shops:
D:2 (((


Innate Abilities, Weirdness & Mutations

You are immune to sickness and miasma.
Your stone body is resilient. (AC +4)
You are immune to poison.
You resist negative energy. (rN+)
You are resistant to electric shocks. (rElec)
You are resistant to unholy torment.
You are immune to petrification.


Message History

The gnoll hits you with a +0 flail! You block the gnoll's attack.
You closely miss the gnoll. You hit the gnoll but do no damage.
The gnoll closely misses you. The gnoll hits you but does no damage.
The gnoll barely misses you.
You slash the gnoll!
The gnoll is almost dead.
You closely miss the gnoll. You miss the ufetubus.
The ufetubus closely misses you. The ufetubus hits you.
The ufetubus closely misses you.
The ufetubus hits you but does no damage.
The gnoll barely misses you.
You feel very mighty all of a sudden.
The ufetubus hits you but does no damage. x2
You block the gnoll's attack. x2; The gnoll hits you but does no damage.
The ufetubus barely misses you.
The ufetubus hits you but does no damage.
You completely miss the gnoll. You slash the ufetubus!
You kill the ufetubus!
You slash the gnoll! x2
You kill the gnoll!
The gnoll closely misses you. You block the gnoll's attack.
Ijyb hits you but does no damage. The gnoll hits you but does no damage.
You closely miss the gnoll. You barely miss the gnoll. You slash Ijyb!
Ijyb hits you but does no damage. The gnoll barely misses you. x2
The gnoll hits you with a +0 whip.
You slash the gnoll!
You kill the gnoll!
You hit the gnoll. You slash Ijyb! Ijyb hits you with a +0 dagger.
The gnoll hits you but does no damage.
The gnoll hits you from afar with a +0 halberd!
Ijyb hits you but does no damage. You block the gnoll's attack.
You slash the gnoll!
You kill the gnoll!
You slash Ijyb!
You kill Ijyb!
The gnoll hits you from afar with a +0 halberd.
* * * LOW HITPOINT WARNING * * *
You block the gnoll's attack. The gnoll hits you with a +0 halberd!
You die...

##..##......# ..#..##
#).#.......# ..#.....
##.........# ........
##.......####........
#.......# #..!......
#......## #.........
#......# ##.#)......
#.....## #...)......
##....# ##..@.......
###..###..#g.......
##..##..#......##
##..#.....[..##
#.[..#....###
##...###### #...#
#..## ...#


You could see a gnoll.

Vanquished Creatures
  A jelly (D:3)
  Ijyb (D:4)
  3 gnolls (D:4)
  2 adders (D:3)
  An ufetubus (D:4)
  5 worms
  A dart slug (D:3)
  An orc (D:3)
  10 ball pythons
  11 bats
  7 endoplasms
  4 giant cockroaches
  9 goblins
  9 hobgoblins
  4 quokkas
  6 frilled lizards
  5 kobolds
  6 rats
86 creatures vanquished.

Vanquished Creatures (others)
  3 plants
3 creatures vanquished.

Grand Total: 89 creatures vanquished

Notes
Turn   | Place    | Note
-------+----------+-------------------------------------------
     0 | D:1      | sanboga the Gargoyle Fighter began the quest for the Orb.
     0 | D:1      | Reached XP level 1. HP: 14/14 MP: 1/1
    72 | D:1      | Found a faded altar of an unknown god.
   312 | D:1      | Reached XP level 2. HP: 19/19 MP: 2/2
   850 | D:1      | Reached XP level 3. HP: 22/23 MP: 3/3
  1431 | D:2      | Found Ypse's Antique Weapon Shop.
  1731 | D:2      | Found Ysecirush's Antique Weapon Boutique.
  1763 | D:2      | Reached XP level 4. HP: 29/29 MP: 4/4
  1989 | D:2      | Found Xirujum's Weapon Emporium.
  2790 | D:3      | Reached XP level 5. HP: 23/33 MP: 5/5
  3391 | D:4      | Noticed Ijyb
  3399 | D:4      | Killed Ijyb
  3400 | D:4      | Slain by a gnoll

Illustrated notes

Levels and vault maps discovered:
D:1:      evilmike_arrival_grusome_pit, layout_basic,
          hellmonk_ecumenical_altar_blasted, minivault_24
D:2:      layout_loops_corners, serial_shops, nicolae_shop_overgrown_old_shop,
          nicolae_shop_trees, nicolae_shop_crystal, serial_rivers,
          chequers_serial_rivers_micro_d, chequers_serial_rivers_small_a,
          chequers_serial_rivers_small_b, chequers_serial_rivers_large_a,
          chequers_serial_rivers_marsh
D:3:      layout_basic, st_stairs_6, serial_bayou_pond_d,
          amcnicky_mini_corridor_feature
D:4:      layout_cave_pods, uniq_ijyb

Skill      XL: |  1  2  3  4  5 |
---------------+----------------+-----
Axes           | 2 3 |  3.6
Fighting       | 4 |  4.3
Armour         | 4 |  4.2
Shields        | 4 |  4.2

Action                   |  1- 3 |  4- 6 || total
-------------------------+-------+-------++-------
Melee: War axe           |   129 |   106 ||   235
  Use: Scroll            |       |     4 ||     4
       Potion            |       |     1 ||     1
Armor: Scale mail        |    69 |    90 ||   159
Dodge: Dodged            |    54 |    54 ||   108
Block: Buckler           |    38 |    35 ||    73
